 Dungeon Crawl Stone Soup version 0.16-a0-3458-g6d2551d (webtiles) character file.

3249 NewYearsCrawler the Cleaver (level 10, -5/70 HPs)
             Began as a Formicid Fighter on Jan 2, 2015.
             Was a Believer of Okawaru.
             Slain by a hill giant
             ... wielding a +0 giant spiked club
              (24 damage)
             ... on level 8 of the Dungeon.
             The game lasted 00:10:33 (7079 turns).

NewYearsCrawler the Cleaver (Formicid Fighter)      Turns: 7079, Time: 00:10:33

Health: -5/70      AC:  9    Str: 24    XL:     10   Next: 19%
Magic:  11/11      EV:  9    Int:  8    God:    Okawaru [**....]
Gold:   317        SH: 12    Dex: 10    Spells: 0 memorised, 9 levels left

rFire  . . .     SeeInvis +     a - +0 war axe
rCold  . . .     Clarity  .     b - +0 scale mail
rNeg   . . .     SustAb   .     c - +0 shield
rPois  .         Gourm    .     (helmet unavailable)
rElec  .         Spirit   .     n - +0 cloak
rCorr  .         Warding  .     (no gloves)
rMut   .         Stasis   +     z - +0 pair of boots
MR     +....                    (no amulet)
Stlth  ..........               (no ring)
                                s - +2 ring of slaying

@: somewhat resistant to hostile enchantments, extremely unstealthy
A: permanent stasis, dig shafts and tunnels, four strong arms, antennae 3, low
mp 1, mutation resistance 1
a: Dig, Shaft Self, Heroism, Renounce Religion


You were on level 8 of the Dungeon.
You worshipped Okawaru.
Okawaru was pleased with you.
You were not hungry.

You visited 1 branch of the dungeon, and saw 8 of its levels.

You collected 317 gold pieces.

Inventory:

Hand weapons
 a - a +0 war axe (weapon)
Missiles
 l - 4 tomahawks (quivered)
Armour
 b - a +0 scale mail (worn)
 c - a +0 shield (worn)
 n - a +0 cloak (worn)
 z - a +0 pair of boots (worn)
Jewellery
 s - a +2 ring of slaying (left hand)
Magical devices
 u - a wand of confusion (9)
Scrolls
 f - a scroll of magic mapping {unknown}
 g - 8 scrolls of identify {unknown}
 h - 2 scrolls of enchant weapon {unknown}
 j - 4 scrolls of remove curse {unknown}
 k - 2 scrolls of teleportation {unknown}
 m - a scroll of immolation {unknown}
 o - a scroll of fear {unknown}
 r - a scroll of blinking {unknown}
 w - a scroll of amnesia {unknown}
 x - a scroll of recharging {unknown}
 y - a scroll of noise {unknown}
 A - a scroll of silence {unknown}
 B - a scroll of vulnerability {unknown}
Potions
 e - a potion of might
 i - a potion of cure mutation
Comestibles
 d - 10 bread rations
 p - 2 meat rations
 q - 11 beef jerkies
 t - a royal jelly


   Skills:
 - Level 3.2 Fighting
 * Level 11.4 Axes
 - Level 3.2 Armour
 + Level 9.8 Shields


You had 9 spell levels left.
You didn't know any spells.

Dungeon Overview and Level Annotations

Branches:
Dungeon (8/15)             Temple (0/1) D:6
   Lair: D:8-11

Altars:
Ashenzari
Cheibriados
Elyvilon
Kikubaaqudgha
Makhleb
Okawaru
Qazlal
Ru
Sif Muna
Vehumet


Innate Abilities, Weirdness & Mutations

You are under a permanent stasis effect.
You can dig through walls and to a lower floor.
Your four strong arms can wield two-handed weapons with a shield.
You have a pair of large antennae on your head (SInv).
Your magical capacity is low (-10% MP).
You are somewhat resistant to further mutation.


Message History

You closely miss the giant cockroach.
The giant cockroach is lightly wounded.
You block the giant cockroach's attack.
You slash the hill giant!
The hill giant is severely wounded.
You slash the giant cockroach!
You kill the giant cockroach!
Okawaru accepts your kill. The hill giant closely misses you.
All of the chunks of flesh in your inventory have rotted away.
Your scale mail prevents you from hitting the hill giant.
The hill giant is severely wounded.
The hill giant hits you with a giant spiked club!!
* * * LOW HITPOINT WARNING * * *
You hit the hill giant.
The hill giant is severely wounded.
You slash the hill giant!
The hill giant is almost dead.
The hill giant hits you with a giant spiked club!!
You die...

. ... #.. #.. ..
.#####.##
........####.#
.......%C†....#
........@#
########.# . #.##
... ######..##
#.#.# #<.......##
#.#.#
#.###.....##
#.#.#
..........###.#.#
.###.....###[...#
##...........#


You could see a hill giant.

Vanquished Creatures
  Eustachio (D:4)
  A hungry ghost (D:7)
  Edmund (D:5)
  5 ice beasts
  A sky beast (D:5)
  2 orc warriors
  An ogre (D:7)
  A black bear (D:7)
  3 centaurs
  A phantom (D:4)
  A wyvern zombie (D:7)
  Blork the orc (D:5)
  A water moccasin zombie (D:7)
  4 scorpions (D:5)
  6 killer bees (D:7)
  3 wights
  3 crimson imps
  A goliath beetle (D:7)
  A giant frog zombie (D:5)
  2 jellies
  An iron imp (D:4)
  A quasit (D:4)
  A hound (D:7)
  2 worker ants (D:4)
  10 orc wizards
  An iguana (D:7)
  A hound zombie (D:7)
  A hound skeleton (D:5)
  8 adders
  5 shadow imps
  4 worms
  An ufetubus (D:4)
  3 giant geckos
  An ooze (D:4)
  25 orcs
  17 bats
  10 goblins
  10 hobgoblins
  11 jackals
  2 quokkas
  A ball python (D:3)
  7 giant cockroaches
  A giant gecko skeleton (D:5)
  8 giant newts
  A jackal skeleton (D:5)
  6 kobolds
  12 rats
  A ballistomycete (D:6)
192 creatures vanquished.

Vanquished Creatures (others)
  2 giant spores
2 creatures vanquished.

Grand Total: 194 creatures vanquished

Notes
Turn   | Place    | Note
--------------------------------------------------------------
     0 | D:1      | NewYearsCrawler, the Formicid Fighter, began the quest for the Orb.
     0 | D:1      | Reached XP level 1. HP: 18/18 MP: 1/1
    71 | D:1      | Reached XP level 2. HP: 20/24 MP: 3/3
    79 | D:1      | Reached skill level 4 in Shields
  1057 | D:2      | Reached XP level 3. HP: 29/29 MP: 4/4
  1329 | D:2      | Reached XP level 4. HP: 35/35 MP: 5/5
  1445 | D:2      | Found a deep blue altar of Sif Muna.
  1575 | D:2      | Reached skill level 5 in Shields
  1858 | D:2      | Reached XP level 5. HP: 21/41 MP: 7/7
  2714 | D:4      | Reached XP level 6. HP: 41/47 MP: 8/8
  2902 | D:4      | Found a sacrificial altar of Ru.
  2936 | D:4      | Noticed Eustachio
  3018 | D:4      | Killed Eustachio
  3018 | D:4      | Reached skill level 5 in Axes
  3018 | D:4      | Reached skill level 6 in Shields
  3174 | D:4      | Noticed a phantom
  3204 | D:4      | Killed a phantom
  3204 | D:4      | Reached XP level 7. HP: 33/52 MP: 9/9
  3730 | D:5      | Entered Level 5 of the Dungeon
  3792 | D:5      | Noticed Edmund
  3804 | D:5      | Killed Edmund
  3945 | D:5      | Reached skill level 7 in Axes
  3945 | D:5      | Reached XP level 8. HP: 20/58 MP: 11/11
  4282 | D:5      | Found a burning altar of Makhleb.
  4326 | D:5      | Found a snail-covered altar of Cheibriados.
  4326 | D:5      | Found an iron altar of Okawaru.
  4327 | D:5      | Found a radiant altar of Vehumet.
  4340 | D:5      | Became a worshipper of Warmaster Okawaru
  4369 | D:5      | Noticed Blork the orc
  4382 | D:5      | Killed Blork the orc
  4382 | D:5      | Reached skill level 8 in Axes
  4493 | D:5      | Found a stormy altar of Qazlal.
  4610 | D:5      | Gained mutation: You are somewhat resistant to further mutation. [mutagenic meat]
  4612 | D:5      | Gained mutation: Your magical capacity is low (-10% MP). [mutagenic meat]
  4811 | D:5      | Reached skill level 9 in Axes
  4839 | D:5      | Reached XP level 9. HP: 47/64 MP: 10/10
  4849 | D:5      | Acquired Okawaru's first power
  5524 | D:6      | Found a staircase to the Ecumenical Temple.
  5558 | D:6      | Found a white marble altar of Elyvilon.
  5579 | D:6      | Found a shattered altar of Ashenzari.
  5651 | D:6      | Reached skill level 10 in Axes
  6065 | D:7      | Found an ancient bone altar of Kikubaaqudgha.
  6768 | D:7      | Reached XP level 10. HP: 60/70 MP: 11/11
  6801 | D:7      | Reached skill level 11 in Axes
  7067 | D:8      | Noticed a hill giant
  7079 | D:8      | Slain by a hill giant

Action                   |  1- 3 |  4- 6 |  7- 9 | 10-12 || total
-------------------------+-------+-------+-------+-------++-------
Melee: War axe           |    92 |   190 |   409 |    49 ||   740
 Abil: Dig               |       |       |     1 |     1 ||     2
Evoke: Wand              |       |     1 |       |       ||     1
  Use: Potion            |       |     6 |     6 |       ||    12
 Stab: Paralysed         |       |     3 |       |       ||     3
  Eat: Chunk             |     1 |     7 |    15 |     1 ||    24
